 Dungeon Crawl Stone Soup version 0.31.0-11-ge490571c62 (webtiles) character file.

Game seed: 10470361412249216046

3703 qw the Skirmisher (level 9, -4/54 HPs)
             Began as a Deep Elf Hunter on Feb 5, 2024.
             Was a Priest of Okawaru.
             Asphyxiated
             ... on level 8 of the Dungeon.
             The game lasted 00:03:31 (6403 turns).

qw the Skirmisher (Deep Elf Hunter)                 Turns: 6403, Time: 00:03:31

Health: -4/54      AC: 14    Str: 12    XL:     9   Next: 91%
Magic:  14/14      EV: 19    Int: 15    God:    Okawaru [***...]
Gold:   1108       SH:  5    Dex: 24    Spells: 8/8 levels left

rFire   + . .        a - +2 shortbow (freeze)
rCold   . . .        (shield currently unavailable)
rNeg    . . .        h - +2 ring mail
rPois   .            i - +0 helmet
rElec   .            (no cloak)
rCorr   .            m - +0 pair of gloves
SInv    .            f - +1 pair of boots "Taemyxos" {rF+}
Will    +....        k - amulet of reflection
Stlth   +++          e - +6 ring of dexterity
HPRegen 0.29/turn    n - ring of willpower
MPRegen 0.14/turn

%: reflection
@: lethally poisoned (-4 -> -57), heroic, slowed, very slow
A: no striking features
a: Renounce Religion, Heroism


You were on level 8 of the Dungeon.
You worshipped Okawaru.
Okawaru was most pleased with you.
You visited 2 branches of the dungeon, and saw 9 of its levels.

You collected 1393 gold pieces.
You spent 285 gold pieces at shops.


   Skills:
 - Level 5.1(10.1) Fighting
 - Level 14.0(19.0) Ranged Weapons
 - Level 4.1(9.1) Armour
 + Level 6.1(11.1) Dodging
 - Level 1.2(6.2) Stealth
 - Level 4.0 Invocations


You had 8 spell levels left.
You didn't know any spells.
Your spell library was empty.

Inventory:

Hand Weapons
 a - a +2 shortbow of freezing (weapon)
Armour
 f - the +1 pair of boots "Taemyxos" (worn) {rF+}
   (You acquired it on level 1 of the Dungeon)

   rF+:       It protects you from fire.
 h - a +2 ring mail (worn)
 i - a +0 helmet (worn)
 m - a +0 pair of gloves (worn)
Jewellery
 e - a +6 ring of dexterity (left hand)
 k - an amulet of reflection (around neck)
 l - a ring of fire
 n - a ring of willpower (right hand)
 o - a +6 ring of dexterity
Scrolls
 b - 3 scrolls of teleportation
 c - a scroll of identify
Potions
 d - 4 potions of might
 g - 2 potions of curing
 j - a potion of enlightenment

Dungeon Overview and Level Annotations

Branches:
Dungeon (8/15)             Temple (1/1) D:4
   Lair: D:8-11

Altars:
Ashenzari
Cheibriados
Dithmenos
Elyvilon
Fedhas
Gozag
Hepliaklqana
Kikubaaqudgha
Makhleb
Nemelex Xobeh
Okawaru
Qazlal
Ru
Sif Muna
Trog
Uskayaw
Vehumet
Wu Jian
Xom
Yredelemnul
Zin
The Shining One

Shops:
D:3 ?

Annotations:
D:4 1 runed translucent door, qw's ghost, amateur DEHu


Message History

You shoot an arrow.
The arrow hits the orange demon but does no damage.
The orange demon barely misses you.
You shoot an arrow. The arrow hits the orc!
The arrow freezes the orc.
You kill the orc!
You hear a shout!
An orc wizard comes into view. It is wielding a +0 dagger.
The orange demon stings you from afar.
You are poisoned.
You have difficulty breathing.
You feel yourself slow down.
You shoot an arrow. The arrow hits the orange demon!
The arrow freezes the orange demon.
The orange demon is moderately wounded.
You feel extremely sick. You block the orange demon's attack.
You shoot an arrow. The arrow hits the orange demon.
The arrow freezes the orange demon.
The orange demon is moderately wounded.
You feel very sick. The orange demon stings you from afar.
You shoot an arrow. The arrow hits the orc wizard!
The arrow freezes the orc wizard.
You kill the orc wizard!
Okawaru accepts your kill.
You feel very sick. The orange demon stings you from afar.
You shoot an arrow.
The arrow barely misses the orange demon.
You feel very sick. The orange demon barely misses you.
You shoot an arrow. The arrow hits the orange demon!
The arrow freezes the orange demon.
The orange demon is heavily wounded.
You feel sick.
You hear a shout!
An orc comes into view. It is wielding a +0 whip.
You block the orange demon's attack. The orange demon stings you from afar!
You are more poisoned.
You have difficulty breathing.
You die...

.. .. .# .# ###.#
. .4o #. #)# #..
#@# #
#...#####.###.#.#
................#
#...#........#..#
.........#..##
#...####.#..#
##.#####.#..##..
...............
#.#####...###.#


You could see an orange demon (curare) and an orc.

Vanquished Creatures
  Erica (D:8)
  Amaemon (D:8)
  Sigmund (D:3)
  A wyvern (D:7)
  A steam dragon (D:6)
  An ice beast (D:7)
  3 black bears
  2 orc warriors
  A sky beast (D:7)
  An ogre (D:7)
  A centaur (D:8)
  A phantom (D:4)
  A bullfrog (D:7)
  5 killer bees (D:7)
  A howler monkey (D:6)
  2 bombardier beetles
  A jelly (D:5)
  An orc priest (D:4)
  2 gnoll boudas
  10 hounds
  3 iguanas
  A sleepcap (D:5)
  4 orc wizards
  4 adders
  9 gnolls
  A shadow imp (D:5)
  A white imp (D:7)
  6 ufetubi
  5 dart slugs
  A ribbon worm (D:2)
  23 orcs
  6 ball pythons
  4 endoplasms
  7 giant cockroaches
  9 goblins
  5 hobgoblins
  5 quokkas
  3 bats
  A frilled lizard (D:2)
  5 kobolds
  6 rats
147 creatures vanquished.

Notes
Turn   | Place    | Note
-------+----------+-------------------------------------------
     0 | D:1      | qw the Deep Elf Hunter began the quest for the Orb.
     0 | D:1      | Reached XP level 1. HP: 12/12 MP: 3/3
     0 | D:1      | 0 ||| qw: Version: 0.3-a-160-g6735b56
     0 | D:1      | 0 ||| qw: Game counter: 6303
     0 | D:1      | 0 ||| qw: Melee chars always use a shield: true
     0 | D:1      | 0 ||| qw: God list: Okawaru
     0 | D:1      | 0 ||| qw: Allow faded altars: false
     0 | D:1      | 0 ||| qw: Do Orc after clearing Dungeon:15 true
     0 | D:1      | 0 ||| qw: Do second Lair branch before Depths: true
     0 | D:1      | 0 ||| qw: Lair rune preference: random
     0 | D:1      | 0 ||| qw: Goals: Normal
     0 | D:1      | 0 ||| PLANNING D:1-11
   230 | D:1      | Reached XP level 2. HP: 15/16 MP: 4/4
   271 | D:1      | Reached skill level 6 in Ranged Weapons
   599 | D:1      | Reached XP level 3. HP: 14/20 MP: 5/5
   889 | D:1      | 889 ||| DROPPING ring of wizardry.
   890 | D:1      | 890 ||| READING scroll labelled UCONNO EPAY.
   891 | D:1      | 891 ||| READING 2 scrolls labelled DAMEOF REHEJO.
   891 | D:1      | Identified 2 scrolls of acquirement
   891 | D:1      | 891 ||| ACQUIRING 1078 gold pieces
   891 | D:1      | Acquired 1078 gold pieces
   892 | D:1      | 892 ||| READING scroll of acquirement.
   892 | D:1      | 892 ||| ACQUIRING +1 pair of boots "Taemyxos" {rF+}
   892 | D:1      | Acquired the +1 pair of boots "Taemyxos" {rF+}
   894 | D:1      | 894 ||| UPGRADING to +1 pair of boots "Taemyxos" {rF+}.
   899 | D:1      | 899 ||| READING scroll labelled DAUPNU AQARELI.
   900 | D:1      | 900 ||| DRINKING 2 fuming blue potions.
   901 | D:1      | 901 ||| DROPPING scroll of butterflies.
  1265 | D:2      | Reached skill level 7 in Ranged Weapons
  1435 | D:2      | Found a hazy altar of Hepliaklqana.
  1606 | D:2      | 1606 ||| UPGRADING to +0 ring mail.
  1616 | D:2      | 1616 ||| DROPPING +0 leather armour.
  1617 | D:2      | 1617 ||| READING scroll labelled FAGOITATTUYTH.
  1617 | D:2      | 1617 ||| ENCHANTING +0 ring mail.
  1618 | D:2      | 1618 ||| READING scroll labelled CAEXZE FAVUO.
  1619 | D:2      | 1619 ||| DRINKING 2 inky potions.
  1655 | D:3      | Reached XP level 4. HP: 25/25 MP: 6/6
  1656 | D:3      | 1656 ||| STAIRDANCE
  1727 | D:3      | You fall into a shaft and drop 2 floors!
  1727 | D:5      | Entered Level 5 of the Dungeon
  1745 | D:5      | Reached skill level 8 in Ranged Weapons
  1772 | D:5      | Reached XP level 5. HP: 25/29 MP: 7/7
  1783 | D:5      | HP: 6/29 [burnt (3)]
  1932 | D:5      | 1932 ||| READING 2 scrolls labelled SITEYL GIHERU.
  1948 | D:5      | 1948 ||| FLEEEEING.
  1949 | D:5      | 1949 ||| STAIRDANCE
  1961 | D:4      | Found a staircase to the Ecumenical Temple.
  1962 | D:4      | 1962 ||| PLANNING TEMPLE
  1977 | Temple   | Entered the Ecumenical Temple
  1978 | Temple   | 1978 ||| PLANNING OKAWARU WORSHIP
  1998 | Temple   | Became a worshipper of Warmaster Okawaru
  1999 | Temple   | 1999 ||| PLANNING D:1-11
  2072 | D:4      | Found a runed translucent door.
  2073 | D:4      | Noticed qw's ghost (amateur DEHu)
  2102 | D:4      | 2102 ||| READING scroll labelled DIM BUS OG WIDGH.
  2103 | D:4      | 2103 ||| DRINKING 3 puce potions.
  2134 | D:4      | 2134 ||| DROPPING 2 potions of lignification.
  2145 | D:3      | Noticed Sigmund
  2162 | D:3      | Killed Sigmund
  2163 | D:3      | Reached skill level 10 in Ranged Weapons
  2163 | D:3      | Reached XP level 6. HP: 21/34 MP: 8/8
  2233 | D:3      | Found Satias's Magic Scroll Emporium.
  2245 | D:3      | 2245 ||| BUYING scroll of brand weapon (95 gold).
  2245 | D:3      | Bought a scroll of brand weapon for 95 gold pieces
  2245 | D:3      | 2245 ||| BUYING scroll of enchant armour (75 gold).
  2245 | D:3      | Bought a scroll of enchant armour for 75 gold pieces
  2245 | D:3      | 2245 ||| BUYING scroll of enchant weapon (75 gold).
  2245 | D:3      | Bought a scroll of enchant weapon for 75 gold pieces
  2245 | D:3      | 2245 ||| BUYING scroll of identify (20 gold).
  2245 | D:3      | Bought a scroll of identify for 20 gold pieces
  2245 | D:3      | 2245 ||| BUYING scroll of identify (20 gold).
  2245 | D:3      | Bought a scroll of identify for 20 gold pieces
  2245 | D:3      | 2245 ||| READING scroll of brand weapon.
  2245 | D:3      | 2245 ||| BRANDING +0 shortbow.
  2246 | D:3      | 2246 ||| READING scroll of enchant armour.
  2246 | D:3      | 2246 ||| ENCHANTING +1 ring mail.
  2247 | D:3      | 2247 ||| READING scroll of enchant weapon.
  2247 | D:3      | 2247 ||| ENCHANTING +0 shortbow of freezing.
  2557 | D:3      | 2557 ||| READING 2 scrolls of identify.
  2557 | D:3      | 2557 ||| IDENTIFYING green potion
  2558 | D:3      | 2558 ||| READING scroll of identify.
  2558 | D:3      | 2558 ||| IDENTIFYING brown potion
  2559 | D:3      | 2559 ||| DROPPING potion of invisibility.
  2560 | D:3      | 2560 ||| DROPPING potion of degeneration.
  2621 | D:4      | 2621 ||| FLEEEEING.
  2622 | D:4      | 2622 ||| FLEEEEING.
  2623 | D:4      | 2623 ||| FLEEEEING.
  2624 | D:4      | 2624 ||| STAIRDANCE
  2673 | D:3      | 2673 ||| UPGRADING to amulet of reflection.
  2678 | D:3      | 2678 ||| UPGRADING to +6 ring of dexterity.
  2679 | D:3      | 2679 ||| DRINKING 2 murky puce potions.
  2680 | D:3      | 2680 ||| DROPPING potion of attraction.
  2893 | D:4      | Reached skill level 3 in Dodging
  3663 | D:4      | 3663 ||| READING 2 scrolls of identify.
  3663 | D:4      | 3663 ||| IDENTIFYING metallic red potion
  3664 | D:4      | 3664 ||| READING scroll of identify.
  3664 | D:4      | 3664 ||| IDENTIFYING bubbling white potion
  3665 | D:4      | 3665 ||| READING scroll labelled KYIMIP DEATUI.
  3666 | D:4      | 3666 ||| READING scroll labelled YCYDI GAAPNAEF.
  3667 | D:4      | 3667 ||| READING scroll labelled LEHE XOUMPEINU.
  3768 | D:4      | 3768 ||| DRINKING 2 metallic amethyst potions.
  3769 | D:4      | 3769 ||| DROPPING potion of berserk rage.
  3804 | D:5      | 3804 ||| STAIRDANCE
  3814 | D:5      | 3814 ||| STAIRDANCE
  3848 | D:5      | 3848 ||| STAIRDANCE
  3853 | D:4      | Reached skill level 1 in Armour
  3853 | D:4      | Reached XP level 7. HP: 29/40 MP: 9/9
  4028 | D:5      | Reached * piety under Okawaru
  4261 | D:5      | 4261 ||| READING scroll of enchant weapon.
  4261 | D:5      | 4261 ||| ENCHANTING +1 shortbow of freezing.
  4317 | D:5      | 4317 ||| UPGRADING to +0 helmet.
  4405 | D:6      | Reached skill level 1 in Invocations
  4547 | D:6      | Noticed a steam dragon
  4548 | D:6      | 4548 ||| INVOKING Heroism.
  4556 | D:6      | Killed a steam dragon
  4557 | D:6      | Reached skill level 11 in Ranged Weapons
  4557 | D:6      | Reached skill level 3 in Invocations
  4557 | D:6      | Reached XP level 8. HP: 38/45 MP: 9/12
  4685 | D:6      | 4685 ||| INVOKING Heroism.
  4686 | D:6      | 4686 ||| DRINKING potion of haste.
  4977 | D:6      | Reached skill level 12 in Ranged Weapons
  5038 | D:6      | Reached skill level 3 in Fighting
  5248 | D:6      | 5248 ||| UPGRADING to +0 pair of gloves.
  5253 | D:6      | 5253 ||| UPGRADING to ring of willpower.
  5254 | D:6      | 5254 ||| READING 2 scrolls of identify.
  5254 | D:6      | 5254 ||| IDENTIFYING scroll labelled ZOKAH PUNKORA
  5255 | D:6      | 5255 ||| DROPPING scroll of vulnerability.
  5394 | D:7      | Found a sparkling altar of Nemelex Xobeh.
  5497 | D:7      | 5497 ||| RETREEEEATING.
  5522 | D:7      | 5522 ||| RETREEEEATING.
  5532 | D:7      | Reached ** piety under Okawaru
  5536 | D:7      | Reached skill level 13 in Ranged Weapons
  5546 | D:7      | HP: 11/46 [black bear (3)]
  5547 | D:7      | 5547 ||| READING 2 scrolls of teleportation.
  5703 | D:7      | Reached XP level 9. HP: 27/50 MP: 14/14
  5904 | D:7      | Reached skill level 14 in Ranged Weapons
  6222 | D:7      | Reached skill level 6 in Dodging
  6288 | D:8      | Noticed Erica
  6289 | D:8      | 6289 ||| INVOKING Heroism.
  6298 | D:8      | 6298 ||| RETREEEEATING.
  6300 | D:8      | Killed Erica
  6300 | D:8      | Reached *** piety under Okawaru
  6380 | D:8      | Noticed Amaemon
  6381 | D:8      | 6381 ||| INVOKING Heroism.
  6385 | D:8      | Noticed an orange demon
  6395 | D:8      | Killed Amaemon
  6403 | D:8      | HP: 12/54 [poisoned by orange demon (concentrated venom)]
  6403 | D:8      | HP: 4/54 [orange demon[Amaemon] (8)]
  6403 | D:8      | Asphyxiated

Levels and vault maps discovered:
D:1:      beargit_arrival_greenhouse, layout_loops_ring, serial_aquarium,
          aquarium_bridge_island_small [aquarium_subvault_small_water,
          aquarium_subvault_window, aquarium_subvault_bridge,
          aquarium_subvault_wall, aquarium_subvault_window],
          aquarium_bridge_long_joined [aquarium_subvault_wall,
          aquarium_subvault_bridge, aquarium_subvault_bridge,
          aquarium_subvault_balcony, aquarium_subvault_bridge,
          aquarium_subvault_wall], aquarium_window_fake, aquarium_window_1,
          aquarium_view_2c, aquarium_balcony_3a
D:2:      layout_basic, basic_altar
D:3:      layout_rooms, serial_shops, shop, uniq_sigmund
D:4:      layout_basic, minmay_temple_entry_mist, gammafunk_ghost_grave
D:5:      layout_rooms, fountainhead
D:6:      layout_loops_corners
D:7:      layout_gridville, old_standard_altar
D:8:      layout_loops_ring, lair_entry_dummy, uniq_erica, uniq_amaemon
Temple:   mainiacjoe_temple_circle_huts

Skill      XL: |  1  2  3  4  5  6  7  8  9 |
---------------+----------------------------+-----
Ranged Weapons | 6 7 8 10 11 13 14 | 14.0
Dodging        | 3 4 5 6 |  6.1
Fighting       | 2 3 5 |  5.1
Armour         | 1 4 |  4.1
Invocations    | 3 4 |  4.0
Stealth        | |  1.2

Action                     |  1- 3 |  4- 6 |  7- 9 || total
---------------------------+-------+-------+-------++-------
   Fire: Shortbow          |   118 |   158 |   269 ||   545
 Invoke: Heroism           |       |       |     4 ||     4
    Use: Scroll            |     6 |    12 |     3 ||    21
         Potion            |     2 |     3 |     1 ||     6
 Armour: Leather armour    |    38 |       |       ||    38
         Ring mail         |       |    56 |    55 ||   111
  Dodge: Dodged            |    41 |    49 |    63 ||   153
  Block: Other             |       |     5 |    16 ||    21

Table legend:
 A = Non-vault XP
 B = Vault XP
 C = Vault XP percentage of total XP
 D = Non-vault monster count
 E = Vault monster count
 F = Vault count percentage of total count
                 A         B        C        D         E       F
            +---------+---------+-------+---------+---------+-------
      Total |    3484 |    1806 |  34.1 |     144 |       3 |   2.0
            +---------+---------+-------+---------+---------+-------
        D:1 |      45 |       0 |   0.0 |      25 |       0 |   0.0
        D:2 |      36 |       0 |   0.0 |      17 |       0 |   0.0
        D:3 |      53 |     198 |  78.9 |      11 |       1 |   8.3
        D:4 |     279 |       0 |   0.0 |      20 |       0 |   0.0
        D:5 |     356 |       0 |   0.0 |      16 |       0 |   0.0
        D:6 |     994 |       0 |   0.0 |      19 |       0 |   0.0
        D:7 |    1474 |       0 |   0.0 |      27 |       0 |   0.0
        D:8 |     247 |    1608 |  86.7 |       9 |       2 |  18.2
            +---------+---------+-------+---------+---------+-------
